 Dungeon Crawl Stone Soup version 0.29.1-4-g47bece8355 (webtiles) character file.

Game seed: 15991840961454586778

14650 warriortoast the Marksspriggan (level 11, -11/46 (55) HPs)
             Began as a Spriggan Hunter on Dec 5, 2022.
             Was a Follower of Fedhas.
             Killed from afar by Nergalle (27 damage)
             ... with a bolt of negative energy
             ... on level 11 of the Dungeon.
             The game lasted 00:33:14 (14502 turns).

warriortoast the Marksspriggan (Spriggan Hunter)   Turns: 14502, Time: 00:33:15

HP:   -11/46 (55)   AC:  5    Str:  7    XL:     11   Next: 91%
MP:   12/12         EV: 26    Int: 11    God:    Fedhas [*.....]
Gold: 1415          SH:  0    Dex: 23    Spells: 10/10 levels left

rFire   + . .      SeeInvis +   a - +1 shortbow (freeze)
rCold   . . .      Faith    .   (shield currently unavailable)
rNeg    . . .      Spirit   .   s - +2 robe {rF+}
rPois   .          Reflect  .   (helmet restricted)
rElec   .          Harm     .   q - +0 cloak
rCorr   .          Rampage  .   (gloves unavailable)
Will    ++...                   (boots unavailable)
Stlth   +++++.....              B - amulet of regeneration
HPRegen 0.95/turn               o - ring of willpower
MPRegen 0.13/turn               (no ring)

@: heavily drained, very quick
A: very small, no large weapons, unfitting armour, see invisible, speed 3
a: Renounce Religion


You were on level 11 of the Dungeon.
You worshipped Fedhas.
Fedhas was aware of your devotion.
You visited 2 branches of the dungeon, and saw 12 of its levels.
You also visited: Sewer and Bailey.

You collected 1415 gold pieces.

Inventory:

Hand Weapons
 a - a +1 shortbow of freezing (weapon)
Armour
 c - a +0 robe
 q - a +0 cloak (worn)
 s - a +2 robe of fire resistance (worn)
Jewellery
 d - a ring of positive energy
 o - a ring of willpower (left hand)
 B - an amulet of regeneration (around neck)
 F - a +4 ring of evasion
Wands
 u - a wand of digging (6)
 v - a wand of roots (7)
 x - a wand of flame (6)
Scrolls
 b - 3 scrolls of immolation
 f - 3 scrolls of fear
 l - a scroll of teleportation
 r - 2 scrolls of blinking
 C - 4 scrolls of enchant weapon
 G - a scroll of brand weapon
Potions
 e - a potion of attraction {unknown}
 g - 2 potions of heal wounds
 h - 2 potions of mutation
 i - 2 potions of brilliance {unknown}
 j - 3 potions of curing
 k - 5 potions of haste
 m - 5 potions of degeneration
 n - 2 potions of berserk rage
 p - a potion of ambrosia {unknown}
 t - 2 potions of might
 w - a potion of flight {unknown}
 z - 2 potions of resistance
 A - a potion of magic {unknown}
 D - 3 potions of cancellation {unknown}
 E - 3 potions of invisibility {unknown}
Miscellaneous
 y - a lightning rod (4/4)
 H - a condenser vane
 I - a condenser vane


   Skills:
 - Level 5.0 Fighting
 + Level 15.7 Ranged Weapons
 - Level 10.0 Dodging
 - Level 11.0 Stealth
 + Level 3.2 Evocations


You had 10 spell levels left.
You didn't know any spells.
Your spell library contained the following spells:

 Spells                   Type           Power      Damage    Failure   Level
 Foxfire                  Conj/Fire      0%         2x1d4     34%         1
 Call Canine Familiar     Summ           0%         N/A       71%         3
 Conjure Flame            Conj/Fire      0%         6-21      71%         3
 Dazzling Flash           Conj/Hex       0%         N/A       71%         3
 Ignite Poison            Fire/Tmut/Pois 0%         N/A       71%         3
 Inner Flame              Hex/Fire       0%         N/A       71%         3
 Portal Projectile        Hex/Tloc       0%         N/A       71%         3
 Animate Dead             Necr           0%         N/A       98%         4
 Flame Wave               Conj/Fire      0%         2d4       98%         4
 Iskenderun's Mystic Bla  Conj/Tloc      0%         2d3       98%         4
 Leda's Liquefaction      Hex/Erth       0%         N/A       98%         4
 Sticky Flame             Conj/Fire      0%         2d3       98%         4
 Borgnjor's Vile Clutch   Necr/Erth      0%         N/A       100%        5
 Death Channel            Necr           0%         N/A       100%        6
 Starburst                Conj/Fire      0%         6d3       100%        6


Dungeon Overview and Level Annotations

Branches:
Dungeon (11/15)            Temple (1/1) D:4            Lair (0/5) D:8
    Orc (0/2) D:11          Sewer (visited)          Bailey (visited)

Altars:
Ashenzari
Cheibriados
Dithmenos
Elyvilon
Fedhas
Gozag
Hepliaklqana
Kikubaaqudgha
Makhleb
Nemelex Xobeh
Okawaru
Qazlal
Ru
Sif Muna
Trog
Uskayaw
Vehumet
Wu Jian
Xom
Yredelemnul
Zin
The Shining One

Shops:
D:1 [   D:9 [

Annotations:
D:8 exclusion: ice statue
D:11 1 runed translucent door, Nergalle


Innate Abilities, Weirdness & Mutations

You are very small and have problems with some larger weapons.
You are too small for most types of armour.
You have supernaturally acute eyesight. (SInv)
You cover ground extremely quickly. (Speed+++)


Message History

The spectral orc warrior seems to speed up.
You shoot an arrow.
The arrow hits Nergalle but does no damage.
Nergalle is moderately wounded.
The spectral orc warrior misses you.
You shoot an arrow. The arrow hits Nergalle!
The arrow freezes Nergalle.
Nergalle is heavily wounded.
The spectral orc warrior barely misses you. x2
You shoot an arrow. The arrow closely misses Nergalle.
Nergalle misses you.
The spectral orc warrior completely misses you.
You shoot an arrow. The arrow hits Nergalle.
The arrow freezes Nergalle.
Nergalle is heavily wounded.
Nergalle points at you and mumbles some strange words.
Orcish apparitions take form around you.
The spectral orc warrior misses you.
You shoot an arrow. The arrow hits Nergalle!
The arrow freezes Nergalle.
Nergalle is almost dead.
The spectral orc warrior misses you.
You shoot an arrow.
The arrow hits Nergalle but does no damage.
Nergalle is almost dead.
Nergalle points at you and mumbles some strange words.
The bolt of negative energy hits you!!
You feel drained.
The spectral orc knight barely misses you.
The spectral orc warrior completely misses you.
You shoot an arrow. The arrow hits Nergalle.
The arrow freezes Nergalle.
Nergalle is almost dead.
Nergalle gestures at you while chanting.
The bolt of negative energy misses you. The troll completely misses you. x2
The troll claws you!
The spectral orc warrior hits you from afar with a +0 trident!
You feel drained.
The spectral orc knight barely misses you.
Nergalle points at you and mumbles some strange words.
The bolt of negative energy hits the spectral orc knight.
The spectral orc knight completely resists.
The bolt of negative energy hits you!!
You feel drained.
Ouch! That really hurt!
You die...
Fedhas appreciates your contribution to the ecosystem.

.#......###......................
.#.......##......................
.#.................(.............
...<...............#......##.....
......#....................#.....
.................................
.............................<...
############.###.................
### #. #.####@................
..# ..###..##.ZZ(.............
..#### #.####.##.To.......#......
.....###..#...##..........#.(....
#..#.#......#.##..........#.....T
.....#.#...#..##.................
..#.>#.#..#..###.................
#.##......#...##..............#..
..#...#.#...#.##.>.....ZZ.....##.


You could see Nergalle, a spectral orc warrior (summoned, fast), a spectral orc
knight (summoned) and a troll.

Vanquished Creatures
  An orc warlord (Bailey)
  Snorg (D:10)
  A hydra (D:10)
  A two-headed ogre (D:9)
  2 cyclopes (D:11)
  Maurice (D:8)
  A gargoyle (D:7)
  Psyche (D:8)
  2 unseen horrors
  A troll (D:9)
  Prince Ribbit (D:9)
  2 shadows
  A wyvern (D:9)
  19 yaks
  2 steam dragons
  A vampire mosquito (D:7)
  3 acid dragons
  A water moccasin (D:7)
  9 orc warriors
  2 ice beasts
  A sky beast (D:7)
  An ogre (D:6)
  3 centaurs
  4 phantoms
  2 necrophages
  10 bullfrogs
  4 scorpions
  11 wights
  12 killer bees
  8 howler monkeys
  3 jellies
  6 orc priests
  Crazy Yiuf (D:2)
  2 gnoll boudas
  4 hounds
  4 iguanas
  7 orc wizards
  A hell rat (Sewer)
  6 ogre zombies (D:11)
  Robin (D:2)
  9 adders
  12 gnolls
  2 river rats (Sewer)
  3 shadow imps (D:5)
  3 white imps
  An ufetubus (D:4)
  A worm (D:2)
  A dart slug (D:2)
  25 orcs
  6 endoplasms
  4 giant cockroaches
  19 goblins
  10 hobgoblins
  14 jackals
  6 quokkas
  5 ball pythons
  6 bats
  A frilled lizard (D:1)
  5 goblin zombies (D:11)
  A hobgoblin zombie (D:11)
  15 kobolds
  2 orc skeletons (D:11)
  9 orc zombies (D:11)
  12 rats
316 creatures vanquished.

Vanquished Creatures (others)
  35 plants
35 creatures vanquished.

Grand Total: 351 creatures vanquished

Notes
Turn   | Place    | Note
-------+----------+-------------------------------------------
     0 | D:1      | warriortoast the Spriggan Hunter began the quest for the
                  | Orb.
     0 | D:1      | Reached XP level 1. HP: 10/10 MP: 2/2
    65 | D:1      | You fall into a shaft and drop 1 floor!
   120 | D:1      | Found Rayh's Armour Shop.
   179 | D:1      | Found a faded altar of an unknown god.
   587 | D:1      | Reached XP level 2. HP: 15/15 MP: 3/3
  1010 | D:1      | Reached XP level 3. HP: 15/18 MP: 4/4
  2524 | D:2      | Noticed Robin
  2542 | D:2      | Killed Robin
  2543 | D:2      | Reached XP level 4. HP: 15/23 MP: 5/5
  2891 | D:2      | Found a runed translucent door.
  2892 | D:2      | Noticed Crazy Yiuf
  2923 | D:2      | Killed Crazy Yiuf
  2924 | D:2      | Reached XP level 5. HP: 12/27 MP: 6/6
  3307 | D:3      | Identified the +2 leather armour of the Hall of Blades {rF+
                  | Str-4 Dex+4}
  3361 | D:3      | Found a shimmering altar of Xom.
  3368 | D:3      | Found a bloodstained altar of Trog.
  3878 | D:4      | Found a staircase to the Ecumenical Temple.
  3884 | Temple   | Entered the Ecumenical Temple
  4161 | D:4      | Reached skill level 5 in Ranged Weapons
  4161 | D:4      | Reached XP level 6. HP: 24/32 MP: 7/7
  4163 | D:4      | Reached skill level 5 in Dodging
  4163 | D:4      | Reached skill level 5 in Stealth
  4771 | D:4      | Reached XP level 7. HP: 32/36 MP: 8/8
  4919 | D:5      | Entered Level 5 of the Dungeon
  5025 | D:5      | Found a transporter.
  5132 | D:5      | Found a transporter.
  5549 | D:5      | Reached skill level 6 in Ranged Weapons
  5628 | D:5      | Reached XP level 8. HP: 29/42 MP: 9/9
  6573 | D:6      | Found a glowing drain.
  6577 | Sewer    | Entered a sewer
  7035 | D:7      | Reached skill level 7 in Ranged Weapons
  7330 | D:7      | Reached skill level 5 in Fighting
  7374 | D:7      | Reached XP level 9. HP: 47/47 MP: 10/10
  7752 | D:7      | Noticed an unseen horror
  7754 | D:7      | Noticed a boulder beetle
  7756 | D:7      | Killed an unseen horror
  7757 | D:7      | Reached skill level 10 in Stealth
  8188 | D:7      | Reached skill level 8 in Ranged Weapons
  8222 | D:7      | Noticed a cyclops
  8491 | D:8      | Noticed Maurice
  8491 | D:8      | Found a staircase to the Lair.
  8500 | D:7      | Noticed a gargoyle
  8568 | D:7      | Killed a gargoyle
  8598 | D:7      | Identified the +7 trident of the Thirsty Ziggurats {speed,
                  | rF+++ rC- Int-5 Dex+6}
  8598 | D:7      | Noticed a centaur warrior
  8720 | D:7      | Reached skill level 10 in Dodging
  8830 | D:8      | Reached skill level 9 in Ranged Weapons
  8896 | D:8      | Reached XP level 10. HP: 51/51 MP: 11/11
  9185 | D:8      | Reached skill level 10 in Ranged Weapons
  9258 | D:8      | Noticed Psyche
  9282 | D:8      | Killed Psyche
  9534 | D:8      | Noticed an ice statue
  9873 | D:8      | Killed Maurice
  9874 | D:8      | Reached skill level 11 in Ranged Weapons
 10813 | D:9      | Noticed Prince Ribbit
 10823 | D:9      | Killed Prince Ribbit
 10855 | D:9      | Reached skill level 12 in Ranged Weapons
 11357 | D:9      | Noticed a two-headed ogre
 11384 | D:9      | Killed a two-headed ogre
 11385 | D:9      | Reached skill level 13 in Ranged Weapons
 11385 | D:9      | Reached XP level 11. HP: 55/55 MP: 12/12
 11802 | D:9      | Found Nyruavud's Armour Boutique.
 11838 | D:10     | Entered Level 10 of the Dungeon
 11920 | D:10     | Noticed a seven-headed hydra
 12002 | D:10     | Found a flagged portal.
 12009 | Bailey   | Entered a bailey
 12015 | Bailey   | Noticed an orc warlord
 12161 | Bailey   | Found a runed translucent gate.
 12164 | Bailey   | Found a runed translucent gate.
 12166 | Bailey   | Found a runed translucent gate.
 12426 | Bailey   | Acquired 654 gold pieces
 12738 | Bailey   | Killed an orc warlord
 12739 | Bailey   | Reached skill level 14 in Ranged Weapons
 12812 | D:10     | Killed a seven-headed hydra
 13053 | Temple   | Became a worshipper of Fedhas Madash
 13528 | D:10     | Found a snail-covered altar of Cheibriados.
 13529 | D:10     | Found an iron altar of Okawaru.
 13819 | D:10     | Noticed Snorg
 13878 | D:10     | Killed Snorg
 13879 | D:10     | Reached skill level 15 in Ranged Weapons
 14035 | D:11     | Found a runed translucent door.
 14090 | D:11     | Reached * piety under Fedhas
 14097 | D:11     | Found a staircase to the Orcish Mines.
 14212 | D:11     | Reached skill level 1 in Evocations
 14423 | D:11     | Noticed Nergalle
 14502 | D:11     | Killed from afar by Nergalle

Illustrated notes

Levels and vault maps discovered:
D:1:      spicycebolla_arrival_clurvy, layout_loops_cross, serial_shops,
          nicolae_shop_advertising_works [nicolae_subvault_shop_adworks],
          shapermc_ecumenical_altar_mp_vishouse, chequers_serial_rivers_micro_d
D:2:      layout_rooms, uniq_robin, uniq_crazy_yiuf_cottage
D:3:      layout_loops_cross, chequers_temple_overflow_statue_of_worship,
          nrook_mini_backslash
D:4:      layout_loops_ring, minmay_temple_entry_hall
D:5:      gammafunk_wand_slinger, layout_basic, minmay_diced_spiral
D:6:      layout_basic, gup_sewer_entry_bowl
D:7:      nzn_winding_woodlands_large [nzn_winding_woodlands_5x5_open_star,
          nzn_winding_woodlands_5x15_concentric,
          nzn_winding_woodlands_5x5_default,
          nzn_winding_woodlands_center_triple_pond,
          nzn_winding_woodlands_15x15_thick_spiral,
          nzn_winding_woodlands_center_diamonds,
          nzn_winding_woodlands_5x5_closed_star,
          nzn_winding_woodlands_5x15_pathside_ponds,
          nzn_winding_woodlands_5x5_perimeter], layout_loops_ring
D:8:      minmay_statue_hallways, layout_basic, lair_entry_dummy, uniq_psyche,
          uniq_maurice
D:9:      layout_long_grid, serial_shops,
          nicolae_shop_temple_entry_statues_fountains, grunt_ministairs_13,
          minmay_increasing_density, uniq_prince_ribbit1
D:10:     layout_roguey, gammafunk_temple_overflow_pools, enter_bailey_3,
          serial_corexii_hall, chequers_hall_statues_wall_a,
          chequers_hall_statues_wall_a, uniq_snorg
D:11:     layout_cross, zombieorc1_lemuel, minmay_statue_crystal_thing,
          uniq_nergalle
Temple:   compressed_dpeg_circular_temple

Skill      XL: |  1  2  3  4  5  6  7  8  9 10 11 |
---------------+----------------------------------+-----
Stealth        | 2 3 4 5 7 9 11 | 11.0
Dodging        | 3 4 5 6 8 10 | 10.0
Fighting       | 2 3 4 5 |  5.0
Ranged Weapons | 5 6 7 9 13 15 | 15.7
Evocations     | 3 |  3.2

Action                   |  1- 3 |  4- 6 |  7- 9 | 10-12 || total
-------------------------+-------+-------+-------+-------++-------
 Fire: Shortbow          |   119 |   129 |   411 |   875 ||  1534
Evoke: Wand              |       |       |       |     1 ||     1
  Use: Scroll            |       |       |    16 |     7 ||    23
       Potion            |       |       |       |     1 ||     1
Armor: Robe              |     4 |     5 |    18 |    12 ||    39
Dodge: Dodged            |    67 |    37 |   196 |   288 ||   588
